 Dungeon Crawl Stone Soup version 0.26.0-10-g1f06aea511 (webtiles) character file.

Game seed: 1232667641351021159

57335 wormsofcant the Fighter (level 14, -8/118 HPs)
             Began as a Gnoll Wanderer on Jan 14, 2021.
             Was a Follower of Uskayaw.
             Mangled by a hornet (10 damage)
             ... on level 6 of the Lair of Beasts.
             The game lasted 00:48:25 (26192 turns).

wormsofcant the Fighter (Gnoll Wanderer)           Turns: 26192, Time: 00:48:25

Health: -8/118     AC: 12    Str: 19    XL:     14   Next: 85%
Magic:  25/27      EV: 18    Int: 15    God:    Uskayaw [*.....]
Gold:   530        SH:  7    Dex: 15    Spells: 6/32 levels left

rFire    . . .     SeeInvis .   b - +0 dagger (venom)
rCold    . . .     Faith    .   d - +0 buckler
rNeg     . . .     Spirit   .   M - +2 leather armour {rPois}
rPois    +         Reflect  .   j - +2 helmet
rElec    .         Harm     .   (no cloak)
rCorr    .         Rampage  .   e - +1 pair of gloves
Will     +....                  (no boots)
Stlth    +++++.....             (no amulet)
HPRegen  0.29/turn              l - +4 ring of slaying
MPRegen  0.20/turn              N - ring of stealth

@: about to teleport, slowed, very slow
A: distributed training, fangs 1, strong nose
a: Renounce Religion, Stomp


You were on level 6 of the Lair of Beasts.
You worshipped Uskayaw.
Uskayaw was aware of your devotion.
You visited 3 branches of the dungeon, and saw 18 of its levels.
You also visited: Sewer.

You collected 1129 gold pieces.
You spent 599 gold pieces at shops.

Inventory:

Hand Weapons
 a - a +5 scimitar
 b - a +0 dagger of venom (weapon)
 G - a +0 shortbow
Missiles
 m - 93 bolts
 o - 393 stones
 p - 375 arrows
 r - 117 poisoned darts (quivered)
 y - 9 curare-tipped darts
 D - 8 silver javelins
 E - 5 boomerangs
 Y - 3 atropa-tipped darts
Armour
 d - a +0 buckler (worn)
 e - a +1 pair of gloves (worn)
 j - a +2 helmet (worn)
 J - a +0 plate armour
 K - the +1 scale mail of Inviolability {Int+3}
   (You found it on level 7 of the Dungeon)

   It affects your intelligence (+3).
 M - a +2 leather armour of poison resistance (worn)
 P - a +2 kite shield
Jewellery
 f - an uncursed ring of fire
 l - a +4 ring of slaying (left hand)
 N - a ring of stealth (right hand)
 S - an uncursed ring of protection from cold
 W - an uncursed ring of positive energy
Wands
 c - a wand of iceblast (2)
 w - a wand of random effects (60)
 z - a wand of flame (12)
 O - a wand of acid (27)
 Z - a wand of paralysis (10)
Scrolls
 g - a scroll of holy word {unknown}
 k - 11 scrolls of teleportation
 n - 5 scrolls of remove curse
 v - 3 scrolls of amnesia {unknown}
 x - 2 scrolls of immolation {unknown}
 C - 3 scrolls of magic mapping
 Q - 3 scrolls of enchant weapon
 R - 4 scrolls of blinking
 T - a scroll of vulnerability {unknown}
 V - a scroll of silence
 X - a scroll of fog
Potions
 h - 5 potions of degeneration {unknown}
 i - 3 potions of might {unknown}
 q - 5 potions of curing
 s - 4 potions of ambrosia
 t - 8 potions of heal wounds {unknown}
 u - a potion of flight
 A - a potion of magic
 B - 2 potions of mutation {unknown}
 F - 2 potions of haste {unknown}
 H - 3 potions of invisibility
 I - 4 potions of lignification {unknown}
 L - a potion of brilliance
 U - a potion of berserk rage


   Skills:
 + Level 13.5 Fighting
 + Level 9.5 Short Blades
 + Level 9.5 Long Blades
 + Level 9.5 Axes
 + Level 9.9 Maces & Flails
 + Level 9.9 Polearms
 + Level 9.5 Staves
 + Level 9.5 Slings
 + Level 9.5 Bows
 + Level 9.5 Crossbows
 + Level 9.9 Throwing
 + Level 9.5 Armour
 + Level 9.5 Dodging
 + Level 9.8 Stealth
 + Level 9.9 Shields
 + Level 9.5 Unarmed Combat
 + Level 9.5 Spellcasting
 + Level 8.0 Conjurations
 + Level 8.0 Hexes
 + Level 8.0 Summonings
 + Level 8.0 Necromancy
 + Level 8.0 Translocations
 + Level 8.0 Transmutations
 + Level 8.0 Fire Magic
 + Level 8.0 Ice Magic
 + Level 8.0 Air Magic
 + Level 8.0 Earth Magic
 + Level 8.0 Poison Magic
 + Level 10.4 Invocations
 + Level 9.5 Evocations


You had 6 spell levels left.
You knew the following spells:

 Your Spells              Type           Power        Failure   Level
a - Sandblast             Erth           62%          1%          1
b - Frozen Ramparts       Ice            62%          1%          3
c - Tukima's Dance        Hex            31%          1%          3
d - Summon Ice Beast      Ice/Summ       31%          4%          4
e - Dazzling Flash        Conj/Hex       62%          1%          3
f - Hailstorm             Conj/Ice       31%          4%          4
g - Confusing Touch       Hex            31%          1%          3
A - Ozocubu's Armour      Ice            31%          1%          3
Q - Blink                 Tloc           N/A          1%          2

Your spell library contained the following spells:

 Spells                   Type           Power        Failure   Level
 Corona                   Hex            34%          1%          1
 Freeze                   Ice            100%         1%          1
 Magic Dart               Conj           100%         1%          1
 Call Imp                 Summ           31%          1%          2
 Ensorcelled Hibernation  Hex/Ice        62%          1%          2
 Slow                     Hex            31%          1%          2
 Conjure Flame            Conj/Fire      31%          1%          3
 Gell's Gravitas          Tloc           15%          1%          3
 Mephitic Cloud           Conj/Pois/Air  31%          1%          3
 Petrify                  Tmut/Erth      31%          4%          4
 Sticky Flame             Conj/Fire      31%          4%          4
 Lee's Rapid Deconstruct  Erth           15%          12%         5
 Metabolic Englaciation   Hex/Ice        15%          12%         5
 Yara's Violent Unravell  Hex/Tmut       15%          12%         5
 Starburst                Conj/Fire      15%          54%         6


Dungeon Overview and Level Annotations

Branches:
Dungeon (11/15)            Temple (1/1) D:5            Lair (6/6) D:11
 Spider (0/4) Lair:3          Orc (0/2) D:11          Sewer (visited)
  Swamp: Lair:2-4    Shoals: Lair:2-4     Slime: Lair:5-6

Altars:
Ashenzari
Cheibriados
Dithmenos
Elyvilon
Fedhas
Gozag
Hepliaklqana
Kikubaaqudgha
Makhleb
Nemelex Xobeh
Okawaru
Qazlal
Ru
Sif Muna
Trog
Uskayaw
Vehumet
Wu Jian
Xom
Yredelemnul
Zin
The Shining One

Shops:
D:4 }   D:5 ?

Annotations:
D:4 3 runed translucent doors, boopsy's ghost, amateur GnDe
D:10 Maggie
Lair:3 1 exclusion
Lair:5 exclusions: floating eye, 2 oklob plants and 3 more exclusions
Lair:6 4 runed translucent doors, exclusions: acid dragon and oklob plant, Hiezim's ghost, journeyman DECj


Innate Abilities, Weirdness & Mutations

Your experience applies equally to all skills.
You have very sharp teeth.
Your uncanny sense of smell can sniff out nearby items.


Message History

Confirm with . or Enter, or press ? or * to list all spells.
You blink.
You feel better. The hornet stings you!
* * * LOW HITPOINT WARNING * * *
The lindwurm breathes flames at you. The blast of flame hits you!
* * * LOW HITPOINT WARNING * * *
The blast of flame hits the plant!!!
The plant begins to die.
The torpor snail misses you.
As you read the scroll of teleportation, it crumbles to dust.
You feel strangely unstable. You block the hornet's attack.
The lindwurm bites you but does no damage.
The lindwurm misses you. The lindwurm claws you.
* * * LOW HITPOINT WARNING * * *
The hornet stings you but does no damage.
You block the torpor snail's attack. The lindwurm closely misses you.
The lindwurm claws you!
* * * LOW HITPOINT WARNING * * *
The lindwurm misses you. The hornet stings you!
You die...

##......####†..##
#.#.......######
####....#...#.#
##...####...##
##...#.# ##.^.##
###P..#### ###.P#
#PPP..P## ##.P.#
##......#
###.P.(#
#.......#
#...w@##
#P.....## ##..yk#
##.#...# #.(..#
####### ##..##
####


You could see a torpor snail (very poisoned), a lindwurm (catching breath) and a
hornet.

Vanquished Creatures
  4 hydras
  A two-headed ogre (D:11)
  11 death yaks
  Sonja (Lair:2)
  2 lindwurms
  An oklob plant (Lair:1)
  12 elephants
  A cyclops (D:8)
  4 black mambas
  4 torpor snails (Lair:6)
  10 cane toads
  A gargoyle (D:11)
  5 rime drakes
  7 komodo dragons
  A jumping spider (Lair:3)
  3 tyrant leeches (Lair:6)
  5 hornets (Lair:6)
  A polar bear (Lair:3)
  A queen bee (Lair:2)
  Prince Ribbit (D:7)
  3 trolls (D:11)
  Grinder (D:3)
  51 blink frogs
  4 dream sheep (Lair:5)
  A meliai zombie (D:11)
  A redback (Lair:3)
  2 wraiths
  A water elemental (D:11)
  6 wyverns
  Eustachio (D:7)
  7 basilisks
  20 yaks
  A steam dragon (Lair:3)
  2 swamp worms (Lair:3)
  20 water moccasins
  4 orc warriors
  2 ice beasts
  A sky beast (D:9)
  3 phantoms
  A black bear (D:11)
  4 necrophages
  6 ogres
  8 centaurs
  19 wolves
  5 big kobolds
  A nameless horror (Lair:2)
  15 bullfrogs
  A gnoll sergeant (D:8)
  6 scorpions
  8 wights
  28 killer bees
  A howler monkey (D:7)
  4 electric eels (D:11)
  4 centaur zombies
  A bullfrog zombie (D:6)
  7 hounds
  2 jellies
  14 orc wizards
  7 orc priests
  3 bullfrog skeletons
  2 centaur skeletons
  Jessica (D:3)
  3 iguanas
  5 hell rats (Lair:2)
  12 worker ants
  A worker ant zombie (D:9)
  11 gnolls
  8 adders
  5 river rats
  4 shadow imps
  2 white imps
  6 oozes
  2 adder zombies
  An adder skeleton (D:10)
  7 worms
  A dart slug (D:1)
  3 leopard geckos
  40 orcs
  7 giant cockroaches
  5 goblins
  4 hobgoblins
  10 jackals
  9 quokkas
  7 ball pythons
  6 bats
  4 frilled lizards
  17 kobolds
  2 leopard gecko skeletons
  15 rats
  A butterfly (Lair:3)
553 creatures vanquished.

Vanquished Creatures (collateral kills)
  2 hydras
  A tyrant leech (Lair:3)
3 creatures vanquished.

Vanquished Creatures (others)
  A two-headed ogre (D:9)
  A water moccasin (Lair:3)
  A hound (D:9)
  A worker ant (D:9)
  2 ufetubi (D:9)
  26 fungi
  46 plants
78 creatures vanquished.

Grand Total: 634 creatures vanquished

Notes
Turn   | Place    | Note
-------+----------+-------------------------------------------
     0 | D:1      | Reached skill level 10 in Fighting
     0 | D:1      | wormsofcant the Gnoll Wanderer began the quest for the Orb.
     0 | D:1      | wormsofcant set off with the following items: a +2 dagger,
                  | a curare-tipped dart, a +0 spear, a +0 buckler, a +0 robe
     0 | D:1      | Reached XP level 1. HP: 28/28 MP: 1/1
    84 | D:1      | lol thanks for the one curare dart
   240 | D:1      | Reached XP level 2. HP: 36/36 MP: 2/2
   240 | D:1      | also 10 fighting lol
   665 | D:2      | Reached XP level 3. HP: 34/42 MP: 3/3
   826 | D:2      | Reached skill level 1 in Invocations
  1227 | D:3      | Reached skill level 1 in Short Blades
  1227 | D:3      | Reached skill level 1 in Long Blades
  1227 | D:3      | Reached skill level 1 in Axes
  1227 | D:3      | Reached skill level 1 in Staves
  1227 | D:3      | Reached skill level 1 in Slings
  1227 | D:3      | Reached skill level 1 in Bows
  1227 | D:3      | Reached skill level 1 in Crossbows
  1227 | D:3      | Reached skill level 1 in Armour
  1227 | D:3      | Reached skill level 1 in Dodging
  1227 | D:3      | Reached skill level 1 in Unarmed Combat
  1227 | D:3      | Reached skill level 1 in Spellcasting
  1227 | D:3      | Reached skill level 1 in Evocations
  1288 | D:3      | Reached XP level 4. HP: 46/48 MP: 5/5
  1521 | D:3      | Noticed Grinder
  1524 | D:3      | Noticed Jessica
  1525 | D:3      | Paralysed by Grinder for 3 turns
  1682 | D:3      | Reached skill level 1 in Conjurations
  1682 | D:3      | Reached skill level 1 in Hexes
  1682 | D:3      | Reached skill level 1 in Summonings
  1682 | D:3      | Reached skill level 1 in Necromancy
  1682 | D:3      | Reached skill level 1 in Translocations
  1682 | D:3      | Reached skill level 1 in Transmutations
  1682 | D:3      | Reached skill level 1 in Fire Magic
  1682 | D:3      | Reached skill level 1 in Ice Magic
  1682 | D:3      | Reached skill level 1 in Air Magic
  1682 | D:3      | Reached skill level 1 in Earth Magic
  1682 | D:3      | Reached skill level 1 in Poison Magic
  1702 | D:3      | Found a sacrificial altar of Ru.
  1719 | D:3      | Reached XP level 5. HP: 46/54 MP: 5/7
  1851 | D:3      | Learned a level 3 spell: Confusing Touch
  1855 | D:3      | Learned a level 3 spell: Dazzling Flash
  1859 | D:3      | Found a glowing drain.
  1895 | Sewer    | Entered a sewer
  2167 | Sewer    | Noticed a big kobold
  2221 | Sewer    | Killed a big kobold
  2222 | Sewer    | Reached XP level 6. HP: 27/61 MP: 8/8
  2728 | Sewer    | Reached XP level 7. HP: 60/67 MP: 10/10
  3619 | D:4      | Found a runed translucent gate.
  3620 | D:4      | Found a runed translucent gate.
  3621 | D:4      | Found a runed translucent gate.
  3621 | D:4      | Noticed boopsy's ghost (amateur GnDe)
  3631 | D:4      | Found an ancient bone altar of Kikubaaqudgha.
  3907 | D:4      | Found Usudgh Kila's Gadget Shop.
  3971 | D:4      | Reached XP level 8. HP: 71/74 MP: 12/12
  4091 | D:5      | Entered Level 5 of the Dungeon
  4152 | D:5      | Found a staircase to the Ecumenical Temple.
  4197 | Temple   | Entered the Ecumenical Temple
  4641 | Temple   | Became a worshipper of Uskayaw the Reveller
  4750 | D:5      | Found an opulent altar of Gozag.
  4750 | D:5      | Found a stormy altar of Qazlal.
  4760 | D:5      | Reached * piety under Uskayaw
  4764 | D:5      | Reached ** piety under Uskayaw
  4772 | D:5      | Reached *** piety under Uskayaw
  5044 | D:5      | Learned a level 3 spell: Tukima's Dance
  5221 | D:5      | Found Oheuh's Magic Scroll Shoppe.
  5225 | D:5      | Bought a scroll of identify for 22 gold pieces
  5225 | D:5      | Bought a scroll of enchant armour for 82 gold pieces
  5225 | D:5      | Bought a scroll of teleportation for 33 gold pieces
  5922 | D:5      | Bought a scroll of random uselessness for 11 gold pieces
  6210 | D:6      | Reached skill level 11 in Fighting
  6495 | D:5      | Reached XP level 9. HP: 41/81 MP: 14/14
  7242 | D:6      | Reached skill level 5 in Maces & Flails
  7242 | D:6      | Reached skill level 5 in Polearms
  7242 | D:6      | Reached skill level 5 in Throwing
  7242 | D:6      | Reached skill level 5 in Shields
  7319 | D:4      | Bought a wand of disintegration (7) for 121 gold pieces
  7580 | D:7      | Noticed Prince Ribbit
  7586 | D:7      | Killed Prince Ribbit
  7587 | D:7      | Reached skill level 5 in Stealth
  8367 | D:7      | Reached skill level 5 in Invocations
  8799 | D:7      | Learned a level 3 spell: Ozocubu's Armour
  8803 | D:7      | Learned a level 3 spell: Frozen Ramparts
  8994 | D:7      | Reached XP level 10. HP: 82/88 MP: 17/17
  9102 | D:7      | Got a jewelled scale mail
  9433 | D:8      | Noticed a cyclops
  9766 | D:8      | Killed a cyclops
  9767 | D:8      | Reached skill level 5 in Short Blades
  9767 | D:8      | Reached skill level 5 in Long Blades
  9767 | D:8      | Reached skill level 5 in Axes
  9767 | D:8      | Reached skill level 5 in Staves
  9767 | D:8      | Reached skill level 5 in Slings
  9767 | D:8      | Reached skill level 5 in Bows
  9767 | D:8      | Reached skill level 5 in Crossbows
  9767 | D:8      | Reached skill level 5 in Armour
  9767 | D:8      | Reached skill level 5 in Dodging
  9767 | D:8      | Reached skill level 5 in Unarmed Combat
  9767 | D:8      | Reached skill level 5 in Spellcasting
  9767 | D:8      | Reached skill level 5 in Evocations
  9788 | D:8      | Identified the +1 scale mail of Inviolability {Int+3} (You
                  | found it on level 7 of the Dungeon)
 10059 | D:8      | Noticed Eustachio
 10091 | D:7      | Killed Eustachio
 10139 | D:8      | Found a broken altar of Ashenzari.
 10461 | D:8      | Reached **** piety under Uskayaw
 10986 | D:9      | Killed a two-headed ogre
 11061 | D:9      | Found a shimmering altar of Xom.
 11966 | D:10     | Entered Level 10 of the Dungeon
 11987 | D:10     | Reached XP level 11. HP: 94/95 MP: 17/19
 12044 | D:10     | Noticed Maggie
 12659 | D:11     | Noticed a catoblepas
 12801 | D:11     | Reached skill level 5 in Conjurations
 12801 | D:11     | Reached skill level 5 in Hexes
 12801 | D:11     | Reached skill level 5 in Summonings
 12801 | D:11     | Reached skill level 5 in Necromancy
 12801 | D:11     | Reached skill level 5 in Translocations
 12801 | D:11     | Reached skill level 5 in Transmutations
 12801 | D:11     | Reached skill level 5 in Fire Magic
 12801 | D:11     | Reached skill level 5 in Ice Magic
 12801 | D:11     | Reached skill level 5 in Air Magic
 12801 | D:11     | Reached skill level 5 in Earth Magic
 12801 | D:11     | Reached skill level 5 in Poison Magic
 12906 | D:11     | Reached ***** piety under Uskayaw
 13156 | D:11     | Noticed a two-headed ogre
 13256 | D:11     | Reached ****** piety under Uskayaw
 13271 | D:11     | Reached skill level 12 in Fighting
 13660 | D:11     | Killed a two-headed ogre
 13701 | D:11     | Found a staircase to the Lair.
 13847 | D:11     | Found a staircase to the Orcish Mines.
 14209 | D:3      | Killed Jessica
 14220 | D:3      | Found a faded altar of an unknown god.
 14298 | D:3      | Paralysed by Grinder for 5 turns
 14305 | D:3      | Killed Grinder
 14743 | Lair:1   | Entered Level 1 of the Lair of Beasts
 14778 | Lair:1   | Noticed a five-headed hydra
 15260 | Lair:1   | Learned a level 4 spell: Summon Ice Beast
 15265 | Lair:1   | Learned a level 4 spell: Hailstorm
 15455 | Lair:1   | Noticed an oklob plant
 16284 | D:4      | Bought a wand of acid (11) for 330 gold pieces
 16497 | Lair:2   | Reached XP level 12. HP: 102/102 MP: 15/22
 16580 | Lair:2   | Noticed a five-headed hydra
 16583 | Lair:2   | Noticed a four-headed hydra
 16608 | Lair:2   | Killed a five-headed hydra
 16937 | Lair:2   | Learned a level 2 spell: Blink
 16948 | Lair:2   | Noticed Sonja
 16950 | Lair:2   | Killed Sonja
 17096 | Lair:2   | Killed a four-headed hydra
 17145 | Lair:2   | Noticed a five-headed hydra
 17271 | Lair:2   | Killed a five-headed hydra
 18660 | Lair:2   | Reached XP level 13. HP: 55/109 MP: 18/24
 18902 | Lair:2   | Identified the Collected Works on Burning Earth
 18908 | Lair:2   | Learned a level 1 spell: Sandblast
 19830 | Lair:3   | Found a hole to the Spider Nest.
 21177 | Lair:4   | Reached skill level 13 in Fighting
 21736 | Lair:4   | Found the +5 robe of Misfortune {*Contam Harm *Corrode
                  | *Drain *Slow EV+5}
 22190 | Lair:5   | Reached XP level 14. HP: 118/118 MP: 20/26
 23566 | Lair:6   | Entered Level 6 of the Lair of Beasts
 24048 | Lair:6   | Reached skill level 10 in Invocations
 24109 | Lair:6   | Found a runed translucent gate.
 24109 | Lair:6   | Found a runed translucent gate.
 24109 | Lair:6   | Found a runed translucent gate.
 24363 | Lair:6   | Noticed Hiezim's ghost (journeyman DECj)
 25572 | Lair:6   | Found a runed translucent door.
 26192 | Lair:6   | HP: 2/118 [lindwurm (7)]
 26192 | Lair:6   | Mangled by a hornet

Illustrated notes

..#.## ##.#
######..>. ∆...
....$....####...
.........#....#
...........#.. ##
######+#.##.##....
#..........#
###.#.#####
#@....#
#†###########
#.#.##...##.#
#.##..##....##
#.#..######..###.#
#.##.### ##....#
#.##...####..####
#.##<#.......#
#.#####.###.##


Turn 84 on D:1: lol thanks for the one curare dart ...# #####+#......# ####
#.....).....# # #.........#.#∆ # ........#'##.# #####.#.#.##.# ∆ #...#.##.#
##..#.##.# ###..#.# .. #...>@.# #......# #......# #....... #........ #.........
#.......... #......##### Turn 240 on D:1: also 10 fighting lol

Levels and vault maps discovered:
D:1:      dpeg_arrival_round_a, layout_basic
D:2:      layout_loops_ring
D:3:      layout_basic, nicolae_ru_great_annihilating_truth,
          chequers_ecumenical_altar_twisty, portal_sewer_entry_e, uniq_jessica,
          uniq_grinder
D:4:      layout_cave_pods, kiku_gazebo_garden_becter, serial_shops, shop,
          gammafunk_ghost_nasty_kobolds
D:5:      layout_basic, chequers_temple_overflow_statue_of_worship,
          temple_pool_b, serial_shops, shop_statue
D:6:      layout_basic, minmay_misc_feat_secret_circle, minmay_pentangle
D:7:      minmay_octagon_keep, layout_basic, uniq_prince_ribbit1
D:8:      layout_rooms, nicolae_overflow_crystal_walls,
          grunt_decor_mini_mirrors, sword_in_stone
D:9:      layout_roguey, xom_confusion_cloud, abandoned_shop
D:10:     layout_loops_cross, minmay_misc_feat_x, uniq_maggie
D:11:     layout_rooms, erik_lair_island, orc_0_dummy
Temple:   nicolae_temple_elliptical
Lair:1:   layout_roguey, grunt_megastairs_3, infiniplex_staircase_pool_2,
          minmay_lair_oklob_chamber
Lair:2:   regret_index_wax_grids, layout_cave_pods,
          chequers_serial_rivers_room_a, lemuel_fruit_tree, uniq_sonja
Lair:3:   layout_chaotic_city, palyth_hydra_swamp_entry,
          spider_nest_entry_funnel_web, grunt_megastairs_5, lemuel_fruit_fields
Lair:4:   layout_hall_layers, infiniplex_staircase_pool
Lair:5:   layout_roguey, disabler_island
Lair:6:   wormcave, layout_layer_cave, guppyfry_lair_end_dragon,
          minmay_slime_entry_oklob_enclosed, gammafunk_ghost_hydra_chop

Skill      XL: |  1  2  3  4  5  6  7  8  9 10 11 12 13 14 |
---------------+-------------------------------------------+-----
Fighting       | 11 12 13 | 13.5
Invocations    | 1 2 3 4 5 6 7 8 9 10 | 10.4
Short Blades   | 1 2 3 4 5 6 7 8 9 |  9.5
Long Blades    | 1 2 3 4 5 6 7 8 9 |  9.5
Axes           | 1 2 3 4 5 6 7 8 9 |  9.5
Staves         | 1 2 3 4 5 6 7 8 9 |  9.5
Slings         | 1 2 3 4 5 6 7 8 9 |  9.5
Bows           | 1 2 3 4 5 6 7 8 9 |  9.5
Crossbows      | 1 2 3 4 5 6 7 8 9 |  9.5
Armour         | 1 2 3 4 5 6 7 8 9 |  9.5
Dodging        | 1 2 3 4 5 6 7 8 9 |  9.5
Unarmed Combat | 1 2 3 4 5 6 7 8 9 |  9.5
Spellcasting   | 1 2 3 4 5 6 7 8 9 |  9.5
Evocations     | 1 2 3 4 5 6 7 8 9 |  9.5
Conjurations   | 1 2 3 4 5 6 7 8 |  8.0
Hexes          | 1 2 3 4 5 6 7 8 |  8.0
Summonings     | 1 2 3 4 5 6 7 8 |  8.0
Necromancy     | 1 2 3 4 5 6 7 8 |  8.0
Translocations | 1 2 3 4 5 6 7 8 |  8.0
Transmutations | 1 2 3 4 5 6 7 8 |  8.0
Fire Magic     | 1 2 3 4 5 6 7 8 |  8.0
Ice Magic      | 1 2 3 4 5 6 7 8 |  8.0
Air Magic      | 1 2 3 4 5 6 7 8 |  8.0
Earth Magic    | 1 2 3 4 5 6 7 8 |  8.0
Poison Magic   | 1 2 3 4 5 6 7 8 |  8.0
Maces & Flails | 3 4 5 6 7 8 9 |  9.9
Polearms       | 3 4 5 6 7 8 9 |  9.9
Throwing       | 3 4 5 6 7 8 9 |  9.9
Shields        | 3 4 5 6 7 8 9 |  9.9
Stealth        | 3 4 5 6 7 8 9 |  9.8

Action                   |  1- 3 |  4- 6 |  7- 9 | 10-12 | 13-15 || total
-------------------------+-------+-------+-------+-------+-------++-------
Melee: Dagger            |    75 |   189 |   472 |   163 |    77 ||   976
       Bite              |     3 |    21 |    70 |    74 |    55 ||   223
       Scimitar          |       |       |       |   339 |   309 ||   648
Throw: Dart              |       |     8 |     8 |    44 |    72 ||   132
 Cast: Ozocubu's Armour  |       |       |     1 |    24 |    13 ||    38
       Frozen Ramparts   |       |       |       |    47 |    32 ||    79
       Hailstorm         |       |       |       |    12 |    13 ||    25
       Dazzling Flash    |       |       |       |     1 |       ||     1
       Summon Ice Beast  |       |       |       |     9 |    11 ||    20
       Blink             |       |       |       |       |     4 ||     4
Evoke: Wand              |       |       |     2 |    15 |       ||    17
  Use: Scroll            |       |     3 |     5 |    11 |     5 ||    24
       Potion            |       |       |       |     3 |     1 ||     4
 Stab: Paralysed         |       |     1 |     5 |    32 |    37 ||    75
       Sleeping          |       |       |       |    18 |    15 ||    33
       Petrified         |       |       |       |     4 |       ||     4
       Distracted        |       |       |       |     1 |     1 ||     2
Armor: Plate armour      |    40 |    62 |    92 |    35 |       ||   229
       Robe              |     1 |       |       |       |       ||     1
       Chain mail        |       |       |    76 |       |       ||    76
       Leather armour    |       |       |       |   116 |    69 ||   185
Dodge: Dodged            |    13 |    37 |   114 |   316 |   225 ||   705
Block: Buckler           |    14 |    23 |    80 |   130 |    91 ||   338
       Rpst.: Scimitar   |       |       |       |    72 |    50 ||   122
